 Dungeon Crawl Stone Soup version 0.29-a0-337-g68df138881 (webtiles) character file.

Game seed: 7538689684770236131

4 spaghetti the Caller (level 1, 0/11 HPs)
             Began as an Octopode Summoner on Apr 17, 2022.
             Slain by a jackal (3 damage)
             ... on level 1 of the Dungeon.
             The game lasted 00:00:41 (414 turns).

spaghetti the Caller (Octopode Summoner)             Turns: 414, Time: 00:00:42

Health: 0/11       AC:  1    Str:  7    XL:     1   Next: 60%
Magic:  1/3        EV: 13    Int: 17    God:
Gold:   0          SH:  0    Dex: 12    Spells: 3/4 levels left

rFire   . . .      SeeInvis .   (no weapon)
rCold   . . .      Faith    .   (no shield)
rNeg    . . .      Spirit   .   (helmet restricted)
rPois   .          Reflect  .   (no amulet)
rElec   .          Harm     .   (no ring)
rCorr   .          Rampage  .   (no ring)
Will    .....                   (no ring)
Stlth   +++.......              (no ring)
HPRegen 0.03/turn               (no ring)
MPRegen 0.08/turn               (no ring)
                                (no ring)
                                (no ring)

@: no status effects
A: almost no armour, amphibious, 8 rings, camouflage 1, gelatinous body 1,
(nimble swimmer 1), tentacles
a: no special abilities


You were on level 1 of the Dungeon.
You visited 1 branch of the dungeon, and saw 1 of its levels.


Innate Abilities, Weirdness & Mutations

You cannot wear most types of armour.
You are amphibious.
You can wear up to eight rings at the same time.
Your skin changes colour to match your surroundings (Stealth+).
Your rubbery body absorbs attacks. (AC +1, EV +1)
((You are camouflaged when in or above water. (Stealth+)))
You have tentacles for arms and can constrict up to eight enemies at once.


   Skills:
 - Level 2.0 Dodging
 - Level 2.6 Stealth
 + Level 2.3 Spellcasting
 - Level 4.0 Summonings


You had 3 spell levels left.
You knew the following spells:

 Your Spells              Type           Power      Damage    Failure   Level
a - Summon Small Mammal   Summ           60%        N/A       3%          1

Your spell library contained the following spells:

 Spells                   Type           Power      Damage    Failure   Level
 Call Imp                 Summ           15%        N/A       5%          2
 Call Canine Familiar     Summ           15%        N/A       11%         3
 Summon Guardian Golem    Hex/Summ       8%         N/A       24%         3
 Summon Lightning Spire   Summ/Air       8%         N/A       63%         4

Inventory:

Hand Weapons
 c - a +0 whip {mace}
   (You found it on level 1 of the Dungeon)
 d - a +0 dagger {short}
   (You took it off a kobold on level 1 of the Dungeon)
Missiles
 b - 34 stones {throwing}
Potions
 e - a potion of cancellation
 f - 2 potions of mutation {unknown}
 g - a potion of lignification {unknown}

Dungeon Overview and Level Annotations

Branches:
Dungeon (1/15)

Altars:

#........ #...........
#...#.#.# ##..........
#.......#######.........
#.........##.......#
#.#.######.##.....## ..
#r# #..#+#.###. ## #g#
#....#.#... ####.##h#
###.......... ....bh†@#
#.........#.. ######rb#
#........##.. #..#
#........##.. #..#
###########.. #.## #..
#. ##. #. ## #. #


You could see 2 jackals, a hobgoblin, a bat, a rat, a friendly bat (summoned)
and a friendly rat (summoned).


Message History

The hobgoblin shouts!
A bat comes into view.
A jackal comes into view. x2
Casting: Summon Small Mammal (safe; 3% risk of failure)
Confirm with . or Enter, or press ? or * to list all spells.
The jackal barks! x2; You hear an angry hiss. 😎 MP[-1]
You lost 1 mp, and now have 2/3 mp.
Casting: Summon Small Mammal (safe; 3% risk of failure)
Confirm with . or Enter, or press ? or * to list all spells.
The bat hits your rat. The bat barely misses your rat.
The jackal closely misses you. x2; The jackal bites your quokka.
The bat hits your rat.
Your rat dies!
Your rat's corpse disappears in a puff of smoke! 😎 MP[-1]
You lost 1 mp, and now have 1/3 mp.
You tentacle-slap the jackal but do no damage.
Your grab misses the jackal.
The jackal bites you but does no damage.
The bat closely misses your quokka. The jackal closely misses you.
The jackal barely misses your quokka.
Your quokka closely misses the jackal.
The jackal closely misses you. The hobgoblin hits your quokka.
Your quokka dies!
Your quokka's corpse disappears in a puff of smoke!
The jackal bites you but does no damage.
The jackal attacks as you move away! The jackal bites you.
The jackal closely misses you. 😮 HP[-3]
You take 3 damage, and now have 8/11 hp.
MASSIVE DAMAGE!! (PAUSE)
Okay, then.
Casting: Summon Small Mammal (safe; 3% risk of failure)
Confirm with . or Enter, or press ? or * to list all spells.
The jackal misses you. The jackal barely misses you. 😮 MP[-1]
You lost 1 mp, and now have 0/3 mp.
You swap places.
The jackal attacks as you move away! The jackal bites you.
The jackal completely misses your rat.
Your rat bites the jackal but does no damage. 😮 HP[-2]
You take 2 damage, and now have 6/11 hp.
The jackal bites your rat.
Your rat dies!
Your rat's corpse disappears in a puff of smoke!
Magic courses through your body. 😮 MP[+3]
Your mp is fully restored (3).
Casting: Summon Small Mammal (safe; 3% risk of failure)
Confirm with . or Enter, or press ? or * to list all spells.
The jackal closely misses you. 😮 MP[-1]
You lost 1 mp, and now have 2/3 mp.
Casting: Summon Small Mammal (safe; 3% risk of failure)
Confirm with . or Enter, or press ? or * to list all spells.
Your bat barely misses the jackal.
The jackal misses you.
The jackal barely misses your rat. 😮 MP[-1]
You lost 1 mp, and now have 1/3 mp.
You tentacle-slap the jackal but do no damage.
You grab the jackal. Your squeeze misses the jackal.
You constrict the jackal, but do no damage.
The jackal barely misses you. The jackal bites your rat.
The jackal closely misses you.
Your rat bites the jackal.
Your bat hits the jackal but does no damage.
The jackal barely misses you. The jackal misses your rat. The jackal bites you.
* * * LOW HITPOINT WARNING * * *
😨 HP[-2] MP[+1]
You take 2 damage, and now have 4/11 hp.
Unknown command.
You tentacle-slap the jackal but do no damage.
You squeeze the jackal, but do no damage.
You constrict the jackal, but do no damage.
Your bat hits the jackal but does no damage.
Your bat barely misses the jackal.
The jackal closely misses you. The jackal misses you.
The jackal bites your rat.
Your rat dies!
Your rat's corpse disappears in a puff of smoke!
Unknown command.
Casting: Summon Small Mammal (safe; 3% risk of failure)
Confirm with . or Enter, or press ? or * to list all spells.
You constrict the jackal. Your bat hits the jackal. The jackal misses you.
The jackal bites you but does no damage.
Your bat hits the jackal but does no damage. 😨 MP[-1]
You lost 1 mp, and now have 1/3 mp.
Unknown command.
You tentacle-slap the jackal. You squeeze the jackal.
You kill the jackal!
The jackal barely misses you. The jackal misses your bat.
Your bat hits the jackal but does no damage.
The jackal bites you.
* * * LOW HITPOINT WARNING * * *
The jackal bites your bat.
Your rat barely misses the jackal.
Your bat hits the jackal but does no damage. 😨 HP[-1]
You take 1 damage, and now have 3/11 hp.
It was a potion of cancellation.
You feel magically purged.
Your bat hits the jackal but does no damage.
The jackal bites you.
You die...

Action                   || total
-------------------------++-------
Melee: Unarmed           ||    12
       Constrict         ||     3
       Tentacles         ||     3
 Cast: Summon Small Mamm ||    11
  Use: Potion            ||     2
Armor: Skin              ||     3
Dodge: Dodged            ||    19

Levels and vault maps discovered:
D:1:      lemuel_arrival_rhombus, layout_rooms,
          shapermc_ecumenical_altar_mp_vishouse, serial_forest,
          infiniplex_forest_clump_diagonal, infiniplex_forest_straight_3,
          infiniplex_forest_straight_1, infiniplex_forest_clump_small,
          infiniplex_forest_zigzag_1, infiniplex_forest_corner_1,
          infiniplex_forest_corner_1, minmay_three_crescents

Notes
Turn   | Place    | Note
-------+----------+-------------------------------------------
     0 | D:1      | spaghetti the Octopode Summoner began the quest for the
                  | Orb.
     0 | D:1      | Reached XP level 1. HP: 11/11 MP: 3/3
     0 | D:1      | magus.rc [v1.9.6]
   414 | D:1      | Slain by a jackal

Vanquished Creatures
  A jackal (D:1)
  A kobold (D:1)
  A quokka (D:1)
3 creatures vanquished.

Table legend:
 A = Non-vault XP
 B = Vault XP
 C = Vault XP percentage of total XP
 D = Non-vault monster count
 E = Vault monster count
 F = Vault count percentage of total count
                 A         B        C        D         E       F
            +---------+---------+-------+---------+---------+-------
      Total |       6 |       0 |   0.0 |       3 |       0 |   0.0
            +---------+---------+-------+---------+---------+-------
        D:1 |       6 |       0 |   0.0 |       3 |       0 |   0.0
            +---------+---------+-------+---------+---------+-------

Illustrated notes

Table legend:
 A = Kills in this place as a percentage of kills in entire the game.
 B = Kills by you in this place as a percentage of kills by you in the entire game.
 C = Kills by friends in this place as a percentage of kills by friends in the entire game.
 D = Other kills in this place as a percentage of other kills in the entire game.
 E = Experience gained in this place as a percentage of experience gained in the entire game.
 F = Experience gained in this place divided by the number of levels of this place that you have seen.
                   A       B       C       D       E      F
               +-------+-------+-------+-------+-------+----------------------
         Total | 100.0 | 100.0 |   N/A |   N/A | 100.0 |   6.0
       Dungeon | 100.0 | 100.0 |   N/A |   N/A | 100.0 |   6.0
               +-------+-------+-------+-------+-------+----------------------

Table legend: (Time is in decaauts)
 A = Elapsed time spent in this place.
 B = Non-inter-level travel time spent in this place.
 C = Inter-level travel time spent in this place.
 D = Time resting spent in this place.
 E = Time spent auto-exploring this place.
 F = Levels seen in this place.
 G = Mean time per level.
                   A        B        C        D        E       F      G
               +--------+--------+--------+--------+--------+-----+--------+
         Total |    414 |    414 |      0 |    294 |     72 |   1 |  414.0 |
       Dungeon |    414 |    414 |      0 |    294 |     72 |   1 |  414.0 |
               +--------+--------+--------+--------+--------+-----+--------+

Top non-repeatable levels by time:
     D:1: 414 daAuts
